 Dungeon Crawl Stone Soup version 0.18-a0-1179-g120c792 (webtiles) character file.

105 Minkie the Chopper (level 4, -2/41 HPs)
             Began as a Minotaur Berserker on Jan 27, 2016.
             Was a Believer of Trog.
             Slain by an orc priest
             ... wielding a +0 mace
              (4 damage)
             ... on level 3 of the Dungeon.
             The game lasted 00:04:02 (2105 turns).

Minkie the Chopper (Minotaur Berserker)             Turns: 2105, Time: 00:04:02

Health: -2/41      AC:  2    Str: 22    XL:     4   Next: 54%
Magic:  3/3        EV: 12    Int:  4    God:    Trog [**....]
Gold:   85         SH:  0    Dex: 10    Spells: 0 memorised, 3 levels left

rFire  . . .     SeeInvis .     n - +0 war axe
rCold  . . .     Gourm    .     b - +0 animal skin
rNeg   . . .     Faith    .     (no shield)
rPois  .         Spirit   .     (helmet restricted)
rElec  .         Dismiss  .     (no cloak)
rCorr  .         Reflect  .     (no gloves)
SustAt .         Harm     .     (no boots)
MR     .....                    (no amulet)
Stlth  +.........               (no ring)
                                (no ring)

@: not resistant to hostile enchantments, very unstealthy
A: retaliatory headbutt, horns 2
a: Berserk, Trog's Hand, Burn Spellbooks, Renounce Religion


You were on level 3 of the Dungeon.
You worshipped Trog.
Trog was pleased with you.
You were hungry.

You visited 1 branch of the dungeon, and saw 3 of its levels.

You collected 85 gold pieces.

Inventory:

Hand Weapons
 n - a +0 war axe (weapon)
Missiles
 g - 18 bolts
 h - 3 javelins (quivered)
Armour
 b - a +0 animal skin (worn)
Scrolls
 e - a scroll of fog {unknown}
 i - a scroll of noise {unknown}
 k - a scroll of blinking {unknown}
 l - 2 scrolls of identify {unknown}
Potions
 f - 2 potions of curing {unknown}
 j - 2 potions of flight {unknown}
 m - a potion of cure mutation {unknown}
Comestibles
 a - a beef jerky
 c - 3 bread rations
 d - 2 slices of pizza


   Skills:
 + Level 4.3 Fighting
 * Level 5.1 Axes
 + Level 3.2 Armour
 + Level 2.9 Dodging


You had 3 spell levels left.
You didn't know any spells.

Dungeon Overview and Level Annotations

Branches:
Dungeon (3/15)

Altars:
Dithmenos
Ru


Innate Abilities, Weirdness & Mutations

You reflexively headbutt those who attack you in melee.
You have a pair of horns on your head.


Message History

The orc is severely wounded.
The orc priest barely misses you. You furiously retaliate!
You headbutt the orc priest. The orc closely misses you.
The orc priest hits you.
You hit the orc priest.
You kill the orc priest!
Trog accepts your kill.
Your Axes skill increases to level 5!
Your Armour skill increases to level 3!
You hit the orc priest but do no damage.
The orc priest is lightly wounded.
You closely miss the orc.
The orc is heavily wounded.
The orc priest mumbles some strange prayers to Beogh against you.
Something smites you!
* * * LOW HITPOINT WARNING * * *
The orc barely misses you. You furiously retaliate!
You headbutt the orc!
You kill the orc!
Trog accepts your kill. The orc priest hits you with a mace.
You die...

######## #......#
#......# ########
#......# #......# #
#....o.# #......# #
#....[@### #.^....####
#....)...####..........
#......................
#......#...............
#.........##...........
######.#######.....####
...######..###.#
.##........## #.# .
..######## #.#


You could see an orc priest.

Vanquished Creatures
  An orc priest (D:3)
  2 adders (D:2)
  A worm (D:2)
  4 giant geckos (D:1)
  2 orcs (D:3)
  7 bats
  4 giant cockroaches
  6 hobgoblins
  3 jackals (D:1)
  A quokka (D:2)
  A giant newt (D:1)
  5 kobolds
  8 rats
45 creatures vanquished.

Notes
Turn   | Place    | Note
--------------------------------------------------------------
     0 | D:1      | Minkie the Minotaur Berserker began the quest for the Orb.
     0 | D:1      | Reached XP level 1. HP: 19/19 MP: 0/0
   106 | D:1      | Reached skill level 4 in Axes
   123 | D:1      | Reached XP level 2. HP: 22/27 MP: 1/1
   521 | D:1      | Reached ** piety under Trog
   703 | D:1      | Reached XP level 3. HP: 33/33 MP: 2/2
  1075 | D:2      | Found a shadowy altar of Dithmenos.
  1255 | D:2      | Found a sacrificial altar of Ru.
  1599 | D:2      | Reached XP level 4. HP: 40/40 MP: 3/3
  2105 | D:3      | Reached skill level 5 in Axes
  2105 | D:3      | HP: 2/41 [orc priest/divine providence (13)]
  2105 | D:3      | Slain by an orc priest

Vault maps used:
D:1:      lightli_arrival_flooded_house, hangedman_decor_points
D:2:      nicolae_ru_sacrificial_ziggurat, grunt_dithmenos_smoke_and_mirrors
D:3:      grunt_temple_overflow_open, lexackson_kobold_supper

Action                   |  1- 3 |  4- 6 || total
-------------------------+-------+-------++-------
Melee: Hand axe          |    75 |       ||    75
       War axe           |    15 |     8 ||    23
  Eat: Chunk             |     2 |     1 ||     3
